 Dungeon Crawl Stone Soup version 0.23.2-33-g5129a83184 (console) character file.

Game seed: 16469176379619025293

2505 FlyingSalmon the Blocker (level 9, -8/54 HPs)
             Began as a Gargoyle Fighter on July 25, 2019.
             Was a Believer of Okawaru.
             Mangled by a two-headed ogre
             ... wielding a +0 dire flail
              (10 damage)
             ... on level 7 of the Dungeon.
             The game lasted 00:21:06 (6888 turns).

FlyingSalmon the Blocker (Gargoyle Fighter)         Turns: 6888, Time: 00:21:07

Health: -8/54      AC: 21    Str: 24    XL:     9   Next: 53%
Magic:  7/9        EV: 13    Int:  8    God:    Okawaru [**....]
Gold:   450        SH: 13    Dex:  9    Spells: 8/8 levels left

rFire    . . .     SeeInvis +   b - +7 hand axe {chop, *Drain rPois rC+ MR+++}
rCold    + + .     Gourm    +   c - +0 shield
rNeg     + . .     Faith    .   M - +4 scale mail
rPois    ∞         Spirit   .   F - +0 helmet
rElec    +         Reflect  .   (no cloak)
rCorr    .         Harm     .   (no gloves)
MR       +++..                  (no boots)
Stlth    ++........             I - amulet of Qajicir {Gourm rElec SInv}
HPRegen  0.18/turn              u - ring of protection from cold
MPRegen  0.11/turn              i - ring of stealth

@: heroism
A: negative energy resistance 1, electricity resistance, unbreathing,
petrification resistance, rot immunity, AC +6
a: Heroism, Renounce Religion


You were on level 7 of the Dungeon.
You worshipped Okawaru.
Okawaru was pleased with you.
You were completely stuffed.

You visited 1 branch of the dungeon, and saw 7 of its levels.
You also visited: Sewer.

You collected 450 gold pieces.

Inventory:

Hand Weapons
 a - a +0 flail
 b - the +7 hand axe of the Lost Mice (weapon) {chop, *Drain rPois rC+ MR+++}
   (You took it off an orc on level 5 of the Dungeon)

   It inflicts extra damage upon your enemies.
   It protects you from cold.
   It protects you from poison.
   It affects your resistance to hostile enchantments.
   It causes draining when unequipped.
 m - a +1 hand axe of venom
Missiles
 n - 206 stones
 v - 4 tomahawks of dispersal
 y - 4 tomahawks (quivered)
Armour
 c - a +0 shield (worn)
 F - a +0 helmet (worn)
 K - a +0 chain mail
 M - a +4 scale mail (worn)
Jewellery
 g - an uncursed amulet of regeneration
 h - an uncursed amulet of harm
 i - a ring of stealth (right hand)
 u - a ring of protection from cold (left hand)
 I - the amulet of Qajicir (around neck) {Gourm rElec SInv}
   (You found it on level 5 of the Dungeon)

   [amulet of the gourmand]

   It allows you to eat raw meat even when not hungry.
   It insulates you from electricity.
   It lets you see invisible.
Wands
 C - a wand of polymorph (6)
 G - a wand of flame (10)
Scrolls
 e - 2 scrolls of fog
 j - 4 scrolls of teleportation
 o - 4 scrolls of enchant weapon
 q - 2 scrolls of magic mapping
 t - 5 scrolls of remove curse
 w - 2 scrolls of fear {unknown}
 E - a scroll of enchant armour {unknown}
 H - a scroll of acquirement {unknown}
Potions
 d - 2 potions of might
 k - 2 potions of curing
 l - 4 potions of heal wounds
 p - a potion of ambrosia {unknown}
 s - 2 potions of degeneration {unknown}
 x - a potion of lignification {unknown}
 z - a potion of flight {unknown}
 A - a potion of haste {unknown}
 B - 2 potions of magic {unknown}
 D - a potion of invisibility {unknown}
 J - a potion of resistance {unknown}
 L - 3 potions of brilliance
Comestibles
 f - 17 rations
 N - 6 chunks of flesh


   Skills:
 + Level 5.3(10.3) Fighting
 * Level 6.2(11.2) Maces & Flails
 * Level 8.1(13.1) Armour
 + Level 1.6(6.6) Dodging
 * Level 8.9(13.9) Shields


You had 8 spell levels left.
You didn't know any spells.
Your spell library contained the following spells:

 Spells                   Type           Power        Failure   Level  Hunger
 Magic Dart               Conj           #...         67%         1    ##.....
 Searing Ray              Conj           #.....       82%         2    ###....
 Dazzling Spray           Conj/Hex       #.....       96%         3    ####...
 Force Lance              Conj/Tloc      #.......     100%        4    #####..
 Fulminant Prism          Conj/Hex       #.........   100%        4    #####..
 Iskenderun's Mystic Bla  Conj           #.......     100%        4    #####..


Dungeon Overview and Level Annotations

Branches:
Dungeon (7/15)             Temple (0/1) D:6

Altars:
Cheibriados
Fedhas
Gozag
Okawaru
Ru
Trog
Xom

Annotations:
D:6 3 runed translucent doors, Jabberih's ghost, novice MfTm


Innate Abilities, Weirdness & Mutations

You are resistant to torment.
Your stone body is resilient. (AC +6)
You are immune to poison.
You resist negative energy. (rN+)
You are resistant to electric shocks. (rElec)
You can survive without breathing.
You are immune to petrification.
You are immune to rotting.


Message History

You hit the two-headed ogre but do no damage.
The two-headed ogre is lightly wounded.
You block the two-headed ogre's attack. The two-headed ogre barely misses you.
You slash the two-headed ogre!
The two-headed ogre is heavily wounded.
The two-headed ogre barely misses you.
The two-headed ogre hits you with a +0 giant club.
You slash the two-headed ogre!
The two-headed ogre is severely wounded.
You barely miss the two-headed ogre.
The two-headed ogre is severely wounded.
The two-headed ogre hits you with a +0 dire flail.
The two-headed ogre hits you with a +0 giant club!
You are too injured to fight recklessly!
You barely miss the two-headed ogre.
The two-headed ogre is heavily wounded.
The two-headed ogre hits you with a +0 dire flail!!
* * * LOW HITPOINT WARNING * * *
The two-headed ogre hits you with a +0 giant club!
You die...

#.##.##
##.##.###.#.).##....
#....# #.##.#
#.##)## .... #.##.##
##....# #.##.# #####
#.###.###.#####
#.##..........
#.####......#
#.############ #..#
#.####.# #..#
#.####.####
#..###.........##>#
#...........O@....#
##.########.##.####
#.# ##....# .# #.#
##.....##.#
#.###.......#.#
#.##..........#
#.............#
####.........[###
##.[..........


You could see a two-headed ogre.

Vanquished Creatures
  An unseen horror (D:5)
  Sigmund (D:4)
  A hog (D:6)
  A human (D:7)
  A water moccasin (D:6)
  An orc warrior (D:5)
  A black bear (D:6)
  An ice beast (D:5)
  2 ogres
  A bullfrog (D:6)
  A howler monkey (D:5)
  2 crimson imps
  2 bullfrog skeletons
  2 bullfrog zombies
  An orc priest (D:5)
  4 hounds
  2 jellies
  An orc wizard (D:5)
  2 iguanas (D:5)
  5 worker ants
  Natasha (twice) (D:2)
  4 gnolls
  8 adders
  4 river rats (Sewer)
  A shadow imp (D:6)
  An ooze (D:1)
  An adder skeleton (D:6)
  3 worms
  2 dart slugs
  4 leopard geckos
  8 orcs
  5 ball pythons
  5 bats
  11 goblins
  9 hobgoblins
  7 kobolds
  5 quokkas
  11 frilled lizards
  A jackal zombie (D:5)
  23 rats
  A plant (D:4)
149 creatures vanquished.

Notes
Turn   | Place    | Note
-------+----------+-------------------------------------------
     0 | D:1      | FlyingSalmon the Gargoyle Fighter began the quest for the
                  | Orb.
     0 | D:1      | Reached XP level 1. HP: 14/14 MP: 1/1
    79 | D:1      | Reached XP level 2. HP: 15/19 MP: 2/2
   221 | D:1      | Reached XP level 3. HP: 23/23 MP: 3/3
   501 | D:1      | Found an iron altar of Okawaru.
   891 | D:1      | Reached XP level 4. HP: 19/28 MP: 4/4
  1027 | D:2      | Found a blossoming altar of Fedhas.
  1183 | D:2      | Found a snail-covered altar of Cheibriados.
  1350 | D:2      | Found an opulent altar of Gozag.
  1429 | D:2      | Noticed Natasha
  1440 | D:2      | Killed Natasha
  1453 | D:2      | Reached XP level 5. HP: 28/33 MP: 5/5
  2005 | D:3      | Found a shimmering altar of Xom.
  2007 | D:3      | Found a shimmering altar of Xom.
  2008 | D:3      | Found a shimmering altar of Xom.
  2009 | D:3      | Found a shimmering altar of Xom.
  2011 | D:3      | Found a shimmering altar of Xom.
  2012 | D:3      | Found a shimmering altar of Xom.
  2012 | D:3      | Found a shimmering altar of Xom.
  2313 | D:4      | Found a glowing drain.
  2329 | Sewer    | Entered a sewer
  2482 | Sewer    | Reached skill level 5 in Shields
  2491 | Sewer    | Reached skill level 1 in Dodging
  2503 | Sewer    | Reached XP level 6. HP: 34/38 MP: 6/6
  2928 | D:4      | Reached skill level 5 in Armour
  3117 | D:4      | You fall through a shaft!
  3117 | D:5      | Entered Level 5 of the Dungeon
  3163 | D:5      | Noticed an ice beast
  3179 | D:5      | Killed an ice beast
  3270 | D:5      | Reached XP level 7. HP: 37/43 MP: 7/7
  3647 | D:5      | Got a smoking copper amulet
  3845 | D:4      | Noticed Sigmund
  3858 | D:4      | Killed Sigmund
  4370 | D:5      | Found a bloodstained altar of Trog.
  4371 | D:5      | Found a sacrificial altar of Ru.
  4527 | D:1      | Became a worshipper of Warmaster Okawaru
  4560 | D:2      | Noticed Natasha
  4575 | D:2      | Killed Natasha
  4575 | D:2      | Reached XP level 8. HP: 40/48 MP: 8/8
  4941 | D:6      | Identified the amulet of Qajicir {Gourm rElec SInv} (You
                  | found it on level 5 of the Dungeon)
  5074 | D:6      | Noticed an unseen horror
  5398 | D:6      | Identified the +7 hand axe of the Lost Mice {chop, *Drain
                  | rPois rC+ MR+++}
  5443 | D:5      | Reached * piety under Okawaru
  5443 | D:5      | Reached skill level 5 in Fighting
  5476 | D:5      | Killed an unseen horror
  5476 | D:5      | Reached ** piety under Okawaru
  5476 | D:5      | Reached skill level 5 in Maces & Flails
  5476 | D:5      | Reached XP level 9. HP: 49/54 MP: 9/9
  6184 | D:6      | Found a runed translucent gate.
  6188 | D:6      | Found a runed translucent gate.
  6188 | D:6      | Found a runed translucent gate.
  6189 | D:6      | Noticed Jabberih's ghost (novice MfTm)
  6267 | D:6      | Found a staircase to the Ecumenical Temple.
  6783 | D:7      | Noticed a two-headed ogre
  6888 | D:7      | HP: 2/54 [two-headed ogre/+0 dire flail (19)]
  6888 | D:7      | Mangled by a two-headed ogre

Skill      XL: |  1  2  3  4  5  6  7  8  9 |
---------------+----------------------------+-----
Armour         | 4 5 6 7 8 |  8.1
Shields        | 4 5 6 8 |  8.9
Dodging        | 1 |  1.6
Fighting       | 4 5 |  5.3
Maces & Flails | 3 5 6 |  6.2

Action                   |  1- 3 |  4- 6 |  7- 9 || total
-------------------------+-------+-------+-------++-------
Melee: Flail             |    79 |       |   103 ||   182
       Hand axe          |    36 |   192 |   177 ||   405
Throw: Stone             |     1 |    40 |    57 ||    98
       Tomahawk          |       |       |     7 ||     7
Invok: Heroism           |       |       |     1 ||     1
  Use: Scroll            |     2 |       |     7 ||     9
  Eat: Chunk             |       |     7 |    18 ||    25
       Ration            |       |     1 |     1 ||     2
Armor: Scale mail        |    81 |    58 |    24 ||   163
       Chain mail        |       |     6 |   165 ||   171
Dodge: Dodged            |    34 |    39 |    66 ||   139
Block: Shield            |    44 |    94 |   170 ||   308
